 Dungeon Crawl Stone Soup version 0.21.1-72-gffa868e (webtiles) character file.

126 Limpidissima the Magician (level 4, 35/35 HPs)
             Began as a Demonspawn Wizard on Aug 3, 2018.
             Was an Initiate of Sif Muna.
             Quit the game on level 3 of the Dungeon.
             The game lasted 00:11:24 (3682 turns).

Limpidissima the Magician (Demonspawn Wizard)       Turns: 3682, Time: 00:11:25

Health: 35/35      AC:  4    Str:  8    XL:     4   Next: 83%
Magic:  6/10       EV: 12    Int: 20    God:    Sif Muna [......]
Gold:   171        SH:  0    Dex: 11    Spells: 5/11 levels left

rFire    + . .     SeeInvis .   g - +0 mace
rCold    . . .     Gourm    .   (no shield)
rNeg     . . .     Faith    .   a - +0 robe
rPois    .         Spirit   .   b - +0 hat
rElec    .         Reflect  .   (no cloak)
rCorr    .         Harm     .   (no gloves)
MR       .....                  (no boots)
Stlth    ++........             (no amulet)
HPRegen  0.11/turn              (no ring)
MPRegen  0.12/turn              (no ring)

@: no status effects
A: molten scales 1, fire resistance 1, flame cloud immunity
a: Renounce Religion


You were on level 3 of the Dungeon.
You worshipped Sif Muna.
Sif Muna was noncommittal.
You were not hungry.

You visited 1 branch of the dungeon, and saw 3 of its levels.

You collected 171 gold pieces.

Inventory:

Hand Weapons
 g - a +0 mace (weapon)
Armour
 a - a +0 robe (worn)
 b - a +0 hat (worn)
Scrolls
 e - 6 scrolls of identify {unknown}
 f - a scroll of amnesia {unknown}
 h - a scroll of teleportation {unknown}
 i - 2 scrolls of enchant armour {unknown}
 m - a scroll of remove curse {unknown}
Potions
 j - 2 potions of flight {unknown}
 k - a potion of heal wounds {unknown}
 l - a potion of might {unknown}
Books
 c - a book of Minor Magic

   Spells                             Type                      Level
   a - Magic Dart                     Conjuration                  1
   b - Blink                          Translocation                2
   c - Call Imp                       Summoning                    2
   d - Slow                           Hexes                        2
   e - Conjure Flame                  Conjuration/Fire             3
   f - Mephitic Cloud                 Conjuration/Poison/Air       3


   Skills:
 + Level 3.1 Fighting
 - Level 1.7 Dodging
 - Level 1.7 Stealth
 + Level 4.2 Spellcasting
 - Level 1.0 Conjurations
 - Level 1.0 Summonings
   Level 0.8 Translocations


You had 5 spell levels left.
You knew the following spells:

 Your Spells              Type           Power        Failure   Level  Hunger
a - Magic Dart            Conj           #...         9%          1    None
b - Call Imp              Summ           #.......     12%         2    #......
c - Mephitic Cloud        Conj/Pois/Air  #.......     32%         3    ###....


Dungeon Overview and Level Annotations

Branches:
Dungeon (3/15)

Altars:
Sif Muna


Innate Abilities, Weirdness & Mutations

You are partially covered in molten scales. (AC +2)
Your flesh is heat resistant. (rF+)
You are immune to clouds of flame.


Message History

The magic dart hits the orc.
The orc is heavily wounded.
Casting: Magic Dart
Confirm with . or Enter, or press ? or * to list all spells.
Aiming: Magic Dart
Press: ? - help, Shift-Dir - straight line, f/p - orc
Aim: an orc, wielding a club and wearing a leather armour (heavily wounded)
The magic dart hits the orc.
The orc is heavily wounded.
Casting: Magic Dart
Confirm with . or Enter, or press ? or * to list all spells.
Aiming: Magic Dart
Press: ? - help, Shift-Dir - straight line, f/p - orc
Aim: an orc, wielding a club and wearing a leather armour (heavily wounded)
The magic dart hits the orc.
The orc is severely wounded.
The orc misses you.
Quiver which item? (- for none, * to show all) (? for menu, Esc to quit)
Okay, then.
Are you sure you want to abandon this character and quit the game? (Confirm with "yes".)

######
#.#....#.>.......
#...........##...
#..########.# .. #
#..# .#
##.#####..########.#
+...................
#......######### #
#......# #####@##
#.o...# #.....#
#.....# +..^....
#.....### #.....#
#######


You could see an orc.

Vanquished Creatures
  Jessica (D:2)
  4 adders
  3 worms
  3 leopard geckos
  An orc (D:3)
  8 bats
  A giant cockroach (D:3)
  6 goblins
  2 hobgoblins
  4 jackals (D:3)
  8 kobolds
  A quokka (D:2)
  3 frilled lizards
  8 rats
53 creatures vanquished.

Vanquished Creatures (collateral kills)
  A rat (D:3)
1 creature vanquished.

Grand Total: 54 creatures vanquished

Notes
Turn   | Place    | Note
-------+----------+-------------------------------------------
     0 | D:1      | Limpidissima the Demonspawn Wizard began the quest for the Orb.
     0 | D:1      | Reached XP level 1. HP: 13/13 MP: 4/4
   488 | D:1      | Reached skill level 1 in Fighting
   489 | D:1      | Gained mutation: Your flesh is heat resistant. (rF+) [demonic ancestry]
   489 | D:1      | Reached XP level 2. HP: 21/21 MP: 1/6
   538 | D:1      | Learned a level 2 spell: Call Imp
  1652 | D:2      | Found a deep blue altar of Sif Muna.
  1799 | D:2      | Became a worshipper of Sif Muna the Loreminder
  1876 | D:2      | Gained mutation: You are partially covered in molten scales. (AC +2) [demonic ancestry]
  1876 | D:2      | Reached XP level 3. HP: 19/27 MP: 6/8
  2329 | D:2      | Noticed Jessica
  2340 | D:2      | Killed Jessica
  2340 | D:2      | Reached skill level 4 in Spellcasting
  2340 | D:2      | Gained mutation: You are immune to clouds of flame. [demonic ancestry]
  2340 | D:2      | Reached XP level 4. HP: 23/34 MP: 2/10
  3022 | D:3      | Learned a level 3 spell: Mephitic Cloud
  3682 | D:3      | Quit the game

Skill      XL: |  1  2  3  4 |
---------------+-------------+-----
Fighting       | 1 2 3 |  3.1
Spellcasting   | 4 |  4.2
Dodging        | |  1.7
Stealth        | |  1.7
Conjurations   | |  1.0
Summonings     | |  1.0
Translocations | |  0.8

Action                   |  1- 3 |  4- 6 || total
-------------------------+-------+-------++-------
Melee: Unarmed           |    29 |       ||    29
       Mace              |    22 |    47 ||    69
       Whip              |    14 |       ||    14
 Cast: Magic Dart        |    75 |    47 ||   122
       Mephitic Cloud    |       |     2 ||     2
       Call Imp          |       |     2 ||     2
  Eat: Chunk             |     1 |     3 ||     4
       Ration            |     1 |     1 ||     2
Armor: Robe              |    15 |    21 ||    36
Dodge: Dodged            |    68 |    72 ||   140
